 Dungeon Crawl Stone Soup version 0.18.1-8-gdd0e5ea (webtiles) character file.

251 Green the Chopper (level 5, -3/73 HPs)
             Began as a Minotaur Berserker on May 23, 2016.
             Was a Believer of Trog.
             Slain by an iron imp (11 damage)
             ... summoned by Natasha
             ... on level 2 of the Dungeon.
             The game lasted 00:02:59 (1186 turns).

Green the Chopper (Minotaur Berserker)              Turns: 1186, Time: 00:03:00

Health: -3/73      AC:  2    Str: 27    XL:     5   Next: 88%
Magic:  4/4        EV: 13    Int:  4    God:    Trog [**....]
Gold:   54         SH:  0    Dex: 10    Spells: 0 memorised, 4 levels left

rFire  . . .     SeeInvis .     a - +0 hand axe
rCold  . . .     Gourm    .     b - +0 animal skin
rNeg   . . .     Faith    .     (no shield)
rPois  .         Spirit   .     (helmet restricted)
rElec  .         Dismiss  .     (no cloak)
rCorr  .         Reflect  .     (no gloves)
SustAt .         Harm     .     (no boots)
MR     .....                    (no amulet)
Stlth  ..........               (no ring)
                                (no ring)

@: berserking, very quick, not resistant to hostile enchantments, extremely
unstealthy
A: retaliatory headbutt, horns 2
a: Berserk, Trog's Hand, Burn Spellbooks, Renounce Religion


You were on level 2 of the Dungeon.
You worshipped Trog.
Trog was pleased with you.
You were not hungry.

You visited 1 branch of the dungeon, and saw 2 of its levels.

You collected 54 gold pieces.

Inventory:

Hand Weapons
 a - a +0 hand axe (weapon)
Armour
 b - a +0 animal skin (worn)
Jewellery
 o - a cursed ring of teleportation {unknown}
Scrolls
 i - a scroll of magic mapping {unknown}
 j - a scroll of enchant weapon {unknown}
 l - a scroll of random uselessness {unknown}
Potions
 d - a potion of magic {unknown}
 e - 2 potions of haste
 h - a potion of resistance {unknown}
 k - 4 potions of curing {unknown}
 m - a potion of lignification {unknown}
Comestibles
 c - a bread ration
 f - 2 meat rations
 g - 4 fruits
 n - a chunk of flesh


   Skills:
 + Level 5.6 Fighting
 + Level 5.6 Axes
 + Level 3.0 Armour
 + Level 3.5 Dodging
 + Level 0.1 Stealth


You had 4 spell levels left.
You didn't know any spells.

Dungeon Overview and Level Annotations

Branches:
Dungeon (2/15)

Altars:
Dithmenos
Trog

Annotations:
D:2 Natasha


Innate Abilities, Weirdness & Mutations

You reflexively headbutt those who attack you in melee.
You have a pair of horns on your head.


Message History

The iron imp misses you. You furiously retaliate!
You headbutt the iron imp. The iron imp barely misses you.
You furiously retaliate!
You headbutt the iron imp, but do no damage.
A red film seems to cover your vision as you go berserk!
You feel yourself moving faster!
You feel mighty!
You feel somewhat more hungry. The bat closely misses you.
The bat barely misses you. Natasha casts a spell at you.
You resist with some effort. The iron imp completely misses you.
You furiously retaliate!
You headbutt the iron imp!
You kill the iron imp!
You hit Natasha.
Natasha is moderately wounded.
You barely miss the iron imp. You closely miss the iron imp.
The iron imp is moderately wounded.
The iron imp grins evilly.
The iron imp hits you!
* * * LOW HITPOINT WARNING * * *
The iron imp hits you!
You die...

.#.. ....# #.# .... .
#.# ##...###.# #.#
#....... #.# #.#...###
#.# #5h5b...# #.#
##)@†.._.## #.#
#.........# ##.##
#....⌠....# #...##
##.........#
#####....####.†._.....##
...)).......'.........+
#.###....#.##[........#
#.# #...##.###.).....##
#.# #..###.# ##.....##


You could see 2 iron imps, Natasha and a bat.

Vanquished Creatures
  Sigmund (D:2)
  Robin (D:2)
  3 adders (D:2)
  2 worms (D:2)
  A dart slug (D:1)
  A giant gecko (D:1)
  5 giant cockroaches
  13 goblins
  2 hobgoblins (D:2)
  3 jackals (D:1)
  4 kobolds
  3 bats (D:2)
  2 giant newts (D:1)
  4 rats
45 creatures vanquished.

Notes
Turn   | Place    | Note
--------------------------------------------------------------
     0 | D:1      | Green the Minotaur Berserker began the quest for the Orb.
     0 | D:1      | Reached XP level 1. HP: 19/19 MP: 0/0
   140 | D:1      | Reached XP level 2. HP: 22/27 MP: 1/1
   601 | D:2      | Reached ** piety under Trog
   604 | D:2      | Reached XP level 3. HP: 28/33 MP: 2/2
   643 | D:2      | Noticed Robin
   665 | D:2      | Killed Robin
   935 | D:2      | Reached XP level 4. HP: 40/41 MP: 3/3
  1068 | D:2      | Noticed Sigmund
  1075 | D:2      | Killed Sigmund
  1075 | D:2      | Reached skill level 5 in Fighting
  1075 | D:2      | Reached skill level 5 in Axes
  1075 | D:2      | Reached XP level 5. HP: 28/48 MP: 4/4
  1115 | D:2      | Found a bloodstained altar of Trog.
  1117 | D:2      | Found a shadowy altar of Dithmenos.
  1177 | D:2      | Noticed Natasha
  1186 | D:2      | Slain by an iron imp

Skill      XL: |  1  2  3  4 |
---------------+-------------+-----
Axes           | 4 5 |  5.6
Fighting       | 4 5 |  5.6
Dodging        | 3 |  3.5
Armour         | 3 |  3.0
Stealth        | |  0.1

Action                   |  1- 3 |  4- 6 || total
-------------------------+-------+-------++-------
Melee: Hand axe          |    56 |    18 ||    74
       Headbutt          |    11 |     3 ||    14
Invok: Berserk           |     1 |     2 ||     3
  Eat: Chunk             |     1 |     2 ||     3
Armor: Animal skin       |     7 |     7 ||    14
Dodge: Dodged            |    35 |    18 ||    53
